 Dungeon Crawl Stone Soup version 0.30-a0-168-g0b976cbdc4 (webtiles) character file.

Game seed: 14811503179050365768

4505 qw the Cleaver (level 10, -1/64 HPs)
             Began as a Gargoyle Fighter on Sept 29, 2022.
             Was an Initiate of Okawaru.
             Slain by an orc warrior
             ... wielding a +0 glaive
              (15 damage)
             ... on level 8 of the Dungeon.
             The game lasted 00:03:35 (10054 turns).

qw the Cleaver (Gargoyle Fighter)                  Turns: 10054, Time: 00:03:35

Health: -1/64      AC: 26    Str: 23    XL:     10   Next: 39%
Magic:  9/10       EV:  6    Int: 10    God:    Okawaru [......]
Gold:   430        SH:  4    Dex:  9    Spells: 9/9 levels left

rFire   . . .      SeeInvis +    Y - +1 war axe
rCold   . . .      Faith    .    c - +0 buckler
rNeg    + + .      Spirit   .    b - +0 plate armour
rPois   inf        Reflect  .    (no helmet)
rElec   +          Harm     .    k - +2 cloak of Muosout {Rampage rN+ Will+}
rCorr   .          Rampage  +    (no gloves)
Will    +....                    f - +1 pair of boots
Stlth   ..........               (no amulet)
HPRegen 0.20/turn                j - ring of see invisible
MPRegen 0.12/turn                (no ring)

@: about to teleport
A: sickness immunity, AC +7, negative energy resistance 1, electricity
resistance, torment resistance 1, petrification resistance
a: Renounce Religion


You were on level 8 of the Dungeon.
You worshipped Okawaru.
Okawaru was noncommittal.
You visited 2 branches of the dungeon, and saw 9 of its levels.

You collected 430 gold pieces.


Innate Abilities, Weirdness & Mutations

You are immune to sickness and miasma.
Your stone body is resilient. (AC +7)
You are immune to poison.
You resist negative energy. (rN+)
You are resistant to electric shocks. (rElec)
You are resistant to unholy torment.
You are immune to petrification.


   Skills:
 - Level 8.2 Fighting
 + Level 10.3 Axes
 - Level 1.4 Throwing
 - Level 7.3 Armour
 - Level 1.0 Dodging
 - Level 5.0 Shields


You had 9 spell levels left.
You didn't know any spells.
Your spell library was empty.

Inventory:

Hand Weapons
 p - a +2 flail of protection
 Y - a +1 war axe (weapon)
Missiles
 a - 5 boomerangs (quivered)
Armour
 b - a +0 plate armour (worn)
 c - a +0 buckler (worn)
 f - a +1 pair of boots (worn)
 k - the +2 cloak of Muosout (worn) {Rampage rN+ Will+}
   (You found it on level 2 of the Dungeon)

   rN:        It protects you from negative energy.
   Rampage:   It bestows one free step when moving towards enemies.
   Will:      It increases your willpower.
Jewellery
 j - a ring of see invisible (left hand)
Scrolls
 e - a scroll of identify
 g - a scroll of magic mapping {unknown}
 l - a scroll of blinking {unknown}
Potions
 d - 3 potions of might
 h - a potion of resistance

Dungeon Overview and Level Annotations

Branches:
Dungeon (8/15)             Temple (1/1) D:5
   Lair: D:8-11

Altars:
Ashenzari
Cheibriados
Dithmenos
Elyvilon
Fedhas
Gozag
Hepliaklqana
Kikubaaqudgha
Makhleb
Nemelex Xobeh
Okawaru
Qazlal
Ru
Sif Muna
Trog
Uskayaw
Vehumet
Wu Jian
Xom
Yredelemnul
Zin
The Shining One

Annotations:
D:4 2 runed translucent doors, qw's ghost, amateur GrFi
D:5 2 transporters, 1 runed translucent door, Crazy Yiuf; qw's ghost, novice GrFi
D:6 2 transporters, qw's ghost, novice GrFi


Message History

You slash the orc warrior!
The orc warrior is heavily wounded.
The orc warrior hits you with a +0 glaive!
The orc priest calls upon Beogh to heal the orc warrior.
The orc warrior is healed somewhat.
You hear a shout!
You slash the orc warrior!
The orc warrior is almost dead.
You hit the orc warrior.
The orc warrior is almost dead.
You barely miss the orc priest. The orc warrior barely misses you.
The orc priest calls down the wrath of Beogh upon you.
Beogh smites you!
You barely miss the orc warrior.
The orc warrior is almost dead.
You closely miss the orc priest. You barely miss the orc warrior.
The orc warrior is almost dead.
You hit the orc priest.
The orc warrior hits you with a +0 glaive.
The orc priest barely misses you.
You closely miss the orc warrior.
The orc warrior is almost dead.
You hit the orc priest but do no damage.
An ogre comes into view. It is wielding a +0 giant club.
The orc warrior closely misses you.
The orc priest calls down the wrath of Beogh upon you.
You easily resist.
You closely miss the orc warrior.
The orc warrior is almost dead.
You hit the orc priest.
The orc warrior hits you with a +0 glaive!
The orc priest looks satisfied for a moment.
10054 ||| READING scroll of teleportation.
As you read the scroll of teleportation, it crumbles to dust.
You feel strangely unstable.
You feel like a meek peon again.
The orc warrior hits you with a +0 glaive!
You die...

#.......# #.......#
#.<.....# #.......#
####.......#
#######..........#
.....##.#........#
...............).#
.....~~~~~...)))@#
.....~...~.#..##ooo#
.....~>\.~.#[#####o#
.....~...~)))##


ooo #..#.~~~~~)...# oo.# #..........#..# ...# #.#####..###.## ..#
#.#####.####.## ..####### ........#.....# #.#...# You could see an orc warrior,
an orc priest and 7 orcs.

Vanquished Creatures
  A hornet (D:8)
  Prince Ribbit (D:6)
  Sigmund (D:2)
  A wyvern (D:7)
  Grum (D:8)
  2 steam dragons (D:7)
  Menkaure (D:6)
  Edmund (D:5)
  2 water moccasins (D:7)
  An orc warrior (D:8)
  2 sky beasts
  2 ice beasts
  6 ogres
  2 wolves (D:8)
  2 centaurs (D:7)
  A phantom (D:6)
  2 kobold brigands
  6 bullfrogs (D:7)
  A gnoll sergeant (D:7)
  3 scorpions
  2 wights
  A killer bee (D:7)
  4 hounds
  A gnoll bouda (D:7)
  4 iguanas
  4 orc wizards
  A mummy (D:4)
  11 gnolls
  5 adders
  A white imp (D:7)
  A worm (D:3)
  4 dart slugs
  34 orcs
  7 bats
  8 endoplasms
  3 giant cockroaches
  19 goblins
  5 hobgoblins
  4 jackals (D:4)
  32 kobolds
  6 quokkas
  6 ball pythons
  3 frilled lizards
  5 rats
210 creatures vanquished.

Vanquished Creatures (others)
  A plant (D:4)
1 creature vanquished.

Grand Total: 211 creatures vanquished

Notes
Turn   | Place    | Note
-------+----------+-------------------------------------------
     0 | D:1      | qw the Gargoyle Fighter began the quest for the Orb.
     0 | D:1      | Reached XP level 1. HP: 14/14 MP: 1/1
     0 | D:1      | 0 ||| qw: Version: 0.2-a-12-gaebbb33
     0 | D:1      | 0 ||| qw: Game counter: 1147
     0 | D:1      | 0 ||| qw: Always use a shield: true
     0 | D:1      | 0 ||| qw: God list: Okawaru
     0 | D:1      | 0 ||| qw: Allow faded altars: false
     0 | D:1      | 0 ||| qw: Do Orc after D:15 true
     0 | D:1      | 0 ||| qw: Do second Lair branch before Depths: true
     0 | D:1      | 0 ||| qw: Lair rune preference: random
     0 | D:1      | 0 ||| qw: Plans: Normal, Zot:1-4, God:TSO, Crypt, Tomb,
                  | Pan, Slime:5, Hells, Abyss, Orb
     0 | D:1      | 0 ||| PLANNING D:1-11
    35 | D:1      | 35 ||| Stepping ~*~*~tactically~*~*~ (stealth).
    60 | D:1      | Reached skill level 2 in Axes
   153 | D:1      | 153 ||| Stepping ~*~*~tactically~*~*~ (stealth).
   157 | D:1      | Reached XP level 2. HP: 19/19 MP: 2/2
   474 | D:1      | Reached skill level 3 in Axes
   481 | D:1      | Found a faded altar of an unknown god.
   527 | D:1      | Reached XP level 3. HP: 18/23 MP: 3/3
  1243 | D:1      | 1243 ||| READING scroll labelled WUBLUR MAFAI.
  1244 | D:1      | 1244 ||| READING scroll labelled SADDAZAIWU.
  1249 | D:1      | 1249 ||| READING 2 scrolls labelled KESCHY RAEFE.
  1250 | D:1      | 1250 ||| READING scroll labelled OLUDOX DIOLAFF.
  1251 | D:1      | 1251 ||| READING scroll labelled COIGOXKEMI.
  1252 | D:1      | 1252 ||| DRINKING 4 lumpy golden potions.
  1253 | D:1      | 1253 ||| DROPPING 3 potions of degeneration.
  1254 | D:1      | 1254 ||| DROPPING scroll of summoning.
  1299 | D:2      | 1299 ||| Stepping ~*~*~tactically~*~*~ (stealth).
  1300 | D:2      | 1300 ||| Stepping ~*~*~tactically~*~*~ (stealth).
  1304 | D:2      | 1304 ||| STAIRDANCE
  1352 | D:2      | 1352 ||| STAIRDANCE
  1447 | D:2      | 1447 ||| Stepping ~*~*~tactically~*~*~ (stealth).
  1745 | D:2      | Noticed Sigmund
  1751 | D:2      | Killed Sigmund
  1752 | D:2      | Reached skill level 5 in Axes
  1752 | D:2      | Reached XP level 4. HP: 15/28 MP: 4/4
  1752 | D:2      | Reached XP level 5. HP: 17/32 MP: 5/5
  2041 | D:2      | Identified the +2 cloak of Muosout {Rampage rN+ Will+}
  2291 | D:2      | 2291 ||| UPGRADING to +2 cloak of Muosout {Rampage rN+
                  | Will+}.
  2296 | D:2      | 2296 ||| READING scroll labelled NIUBLAAFIYJ.
  2297 | D:2      | 2297 ||| READING scroll labelled ZAT MAOTUHEST.
  2398 | D:2      | 2398 ||| READING scroll labelled UGRAGI QECWA.
  2442 | D:2      | 2442 ||| READING scroll labelled EJERUG TUDAPN.
  2443 | D:2      | 2443 ||| READING 2 scrolls of identify.
  2443 | D:2      | 2443 ||| IDENTIFYING inky potion
  2444 | D:2      | 2444 ||| DROPPING potion of ambrosia.
  2489 | D:3      | 2489 ||| Stepping ~*~*~tactically~*~*~ (hiding).
  2490 | D:3      | 2490 ||| Stepping ~*~*~tactically~*~*~ (hiding).
  2494 | D:3      | Reached XP level 6. HP: 37/37 MP: 6/6
  2543 | D:3      | 2543 ||| Stepping ~*~*~tactically~*~*~ (stealth).
  2618 | D:3      | 2618 ||| DROPPING +0 whip.
  2626 | D:3      | 2626 ||| Stepping ~*~*~tactically~*~*~ (hiding).
  2894 | D:3      | HP: 8/38 [ogre/+0 giant club (30)]
  2895 | D:3      | 2895 ||| READING scroll of teleportation.
  3458 | D:3      | 3458 ||| DROPPING +0 flail.
  3546 | D:3      | 3546 ||| UPGRADING to +0 pair of boots.
  3551 | D:3      | 3551 ||| DROPPING orb of energy.
  3552 | D:3      | 3552 ||| UPGRADING to ring of see invisible.
  3553 | D:3      | 3553 ||| READING scroll labelled CALADGHE QINE.
  3554 | D:3      | 3554 ||| READING scroll labelled DIOMEVV SEME.
  3555 | D:3      | 3555 ||| READING scroll labelled JACZURPHENU.
  3556 | D:3      | 3556 ||| DRINKING 2 viscous yellow potions.
  3692 | D:4      | 3692 ||| READING scroll of enchant armour.
  3692 | D:4      | 3692 ||| ENCHANTING +0 pair of boots.
  3704 | D:4      | Reached skill level 1 in Dodging
  3778 | D:4      | 3778 ||| Stepping ~*~*~tactically~*~*~ (stealth).
  3779 | D:4      | 3779 ||| Stepping ~*~*~tactically~*~*~ (stealth).
  3811 | D:4      | 3811 ||| Stepping ~*~*~tactically~*~*~ (stealth).
  3854 | D:4      | Reached XP level 7. HP: 41/44 MP: 7/7
  3913 | D:4      | Reached skill level 6 in Axes
  4009 | D:4      | 4009 ||| Stepping ~*~*~tactically~*~*~ (stealth).
  4010 | D:4      | 4010 ||| Stepping ~*~*~tactically~*~*~ (stealth).
  4263 | D:4      | Found a large runed translucent door.
  4285 | D:4      | Found an opulent altar of Gozag.
  4348 | D:4      | Found a large runed translucent door.
  4350 | D:4      | Noticed qw's ghost (amateur GrFi)
  4504 | D:4      | 4504 ||| DROPPING +2 hand axe of electrocution.
  4651 | D:4      | Found a glowing silver altar of Zin.
  5053 | D:4      | Found a snail-covered altar of Cheibriados.
  5105 | D:4      | Reached skill level 7 in Axes
  5194 | D:4      | 5194 ||| READING 2 scrolls of identify.
  5194 | D:4      | 5194 ||| IDENTIFYING fizzy pink potion
  5195 | D:4      | 5195 ||| DROPPING potion of flight.
  5229 | D:5      | Entered Level 5 of the Dungeon
  5305 | D:5      | Reached skill level 1 in Throwing
  5375 | D:5      | 5375 ||| Stepping ~*~*~tactically~*~*~ (hiding).
  5380 | D:5      | Reached XP level 8. HP: 45/49 MP: 8/8
  5507 | D:5      | Noticed Edmund
  5522 | D:5      | Killed Edmund
  5616 | D:5      | Noticed qw's ghost (novice GrFi)
  5620 | D:5      | Found a transporter.
  5625 | D:5      | Found a transporter.
  5705 | D:5      | Found a staircase to the Ecumenical Temple.
  5706 | D:5      | 5706 ||| PLANNING TEMPLE
  5706 | D:5      | 5706 ||| READING 2 scrolls of identify.
  5706 | D:5      | 5706 ||| IDENTIFYING white potion
  5707 | D:5      | 5707 ||| DROPPING potion of invisibility.
  5716 | Temple   | Entered the Ecumenical Temple
  5754 | Temple   | 5754 ||| PLANNING D:1-11
  6054 | D:5      | Found a runed translucent door.
  6055 | D:5      | Noticed Crazy Yiuf
  6222 | D:5      | 6222 ||| UPGRADING to +0 chain mail.
  6232 | D:5      | 6232 ||| DROPPING +0 scale mail.
  6233 | D:5      | 6233 ||| DRINKING 2 emerald potions.
  6404 | D:6      | Found a transporter.
  6408 | D:6      | Noticed qw's ghost (novice GrFi)
  6424 | D:6      | Found a transporter.
  6563 | D:6      | Reached skill level 8 in Axes
  6568 | D:6      | 6568 ||| Stepping ~*~*~tactically~*~*~ (stealth).
  6997 | D:6      | Found a hide-covered altar of Uskayaw.
  7056 | D:6      | 7056 ||| READING 2 scrolls of identify.
  7056 | D:6      | 7056 ||| IDENTIFYING fizzy puce potion
  7087 | D:7      | Noticed Prince Ribbit
  7087 | D:7      | Noticed Menkaure
  7088 | D:7      | 7088 ||| STAIRDANCE
  7094 | D:6      | Killed Menkaure
  7095 | D:6      | Reached skill level 6 in Fighting
  7186 | D:7      | 7186 ||| STAIRDANCE
  7280 | D:7      | 7280 ||| STAIRDANCE
  7290 | D:6      | Reached XP level 9. HP: 34/56 MP: 9/9
  7309 | D:6      | HP: 10/56 [Prince Ribbit (12)]
  7310 | D:6      | 7310 ||| READING 2 scrolls of teleportation.
  7311 | D:6      | 7311 ||| DRINKING 3 potions of heal wounds.
  7426 | D:6      | 7426 ||| Stepping ~*~*~tactically~*~*~ (stealth).
  7452 | D:7      | Reached skill level 9 in Axes
  7667 | D:7      | 7667 ||| Stepping ~*~*~tactically~*~*~ (hiding).
  7668 | D:7      | 7668 ||| Stepping ~*~*~tactically~*~*~ (hiding).
  7791 | D:7      | 7791 ||| Stepping ~*~*~tactically~*~*~ (cloud).
  7797 | D:7      | 7797 ||| FLEEEEING.
  7799 | D:7      | 7799 ||| FLEEEEING.
  7800 | D:7      | 7800 ||| Stepping ~*~*~tactically~*~*~ (stealth).
  7802 | D:7      | 7802 ||| FLEEEEING.
  7803 | D:7      | 7803 ||| FLEEEEING.
  7804 | D:7      | 7804 ||| FLEEEEING.
  7805 | D:7      | 7805 ||| FLEEEEING.
  7806 | D:7      | 7806 ||| FLEEEEING.
  7807 | D:7      | 7807 ||| FLEEEEING.
  7808 | D:7      | 7808 ||| FLEEEEING.
  7809 | D:7      | 7809 ||| FLEEEEING.
  7810 | D:7      | 7810 ||| FLEEEEING.
  7811 | D:7      | 7811 ||| FLEEEEING.
  7812 | D:7      | 7812 ||| FLEEEEING.
  7813 | D:7      | 7813 ||| FLEEEEING.
  7814 | D:7      | 7814 ||| FLEEEEING.
  7815 | D:7      | 7815 ||| FLEEEEING.
  7816 | D:7      | 7816 ||| FLEEEEING.
  7817 | D:7      | 7817 ||| FLEEEEING.
  7818 | D:7      | 7818 ||| FLEEEEING.
  7819 | D:7      | 7819 ||| FLEEEEING.
  7820 | D:7      | 7820 ||| FLEEEEING.
  7821 | D:7      | 7821 ||| FLEEEEING.
  7822 | D:7      | 7822 ||| FLEEEEING.
  7823 | D:7      | 7823 ||| FLEEEEING.
  7824 | D:7      | 7824 ||| FLEEEEING.
  7825 | D:7      | 7825 ||| FLEEEEING.
  7826 | D:7      | 7826 ||| FLEEEEING.
  7827 | D:7      | 7827 ||| FLEEEEING.
  7828 | D:7      | 7828 ||| STAIRDANCE
  7909 | D:6      | 7909 ||| UPGRADING to +0 plate armour.
  7919 | D:6      | 7919 ||| DROPPING +0 chain mail.
  7920 | D:6      | 7920 ||| READING scroll labelled BEDOLUTRYKH.
  8113 | D:7      | 8113 ||| Stepping ~*~*~tactically~*~*~ (stealth).
  8135 | D:7      | 8135 ||| Stepping ~*~*~tactically~*~*~ (stealth).
  8139 | D:7      | Reached skill level 6 in Armour
  8142 | D:7      | HP: 14/57 [ogre/+0 giant club (3)]
  8143 | D:7      | 8143 ||| READING scroll of teleportation.
  8143 | D:7      | HP: 3/57 [ogre/+0 giant club (12)]
  8144 | D:7      | 8144 ||| DRINKING 2 potions of heal wounds.
  8145 | D:7      | 8145 ||| DRINKING potion of heal wounds.
  8156 | D:7      | 8156 ||| FLEEEEING.
  8157 | D:7      | 8157 ||| FLEEEEING.
  8158 | D:7      | 8158 ||| FLEEEEING.
  8159 | D:7      | 8159 ||| FLEEEEING.
  8160 | D:7      | 8160 ||| FLEEEEING.
  8161 | D:7      | 8161 ||| FLEEEEING.
  8162 | D:7      | 8162 ||| FLEEEEING.
  8163 | D:7      | 8163 ||| FLEEEEING.
  8164 | D:7      | 8164 ||| FLEEEEING.
  8165 | D:7      | 8165 ||| FLEEEEING.
  8166 | D:7      | 8166 ||| STAIRDANCE
  8234 | D:7      | 8234 ||| STAIRDANCE
  8240 | D:7      | 8240 ||| STAIRDANCE
  8252 | D:7      | 8252 ||| STAIRDANCE
  8273 | D:7      | Found a shimmering altar of Xom.
  8421 | D:7      | 8421 ||| Stepping ~*~*~tactically~*~*~ (hiding).
  8526 | D:7      | 8526 ||| Stepping ~*~*~tactically~*~*~ (hiding).
  8544 | D:7      | Reached skill level 10 in Axes
  8545 | D:7      | 8545 ||| DRINKING potion of curing.
  8545 | D:7      | 8545 ||| (to cure confusion)
  8558 | D:7      | Reached XP level 10. HP: 48/63 MP: 10/10
  8805 | D:6      | Killed Prince Ribbit
  9020 | D:7      | Found an iron altar of Okawaru.
  9021 | D:7      | 9021 ||| Stepping ~*~*~tactically~*~*~ (hiding).
  9157 | D:7      | Found a shimmering blue altar of Sif Muna.
  9158 | D:7      | 9158 ||| PLANNING OKAWARU WORSHIP
  9161 | D:7      | Became a worshipper of Warmaster Okawaru
  9162 | D:7      | 9162 ||| PLANNING D:1-11
  9164 | D:7      | Found a sparkling altar of Nemelex Xobeh.
  9164 | D:7      | Found a radiant altar of Vehumet.
  9164 | D:7      | Found a blossoming altar of Fedhas.
  9165 | D:7      | Found a sacrificial altar of Ru.
  9167 | D:7      | Found a glowing golden altar of the Shining One.
  9168 | D:7      | Found a stormy altar of Qazlal.
  9257 | D:8      | 9257 ||| STAIRDANCE
  9264 | D:8      | 9264 ||| STAIRDANCE
  9272 | D:8      | 9272 ||| STAIRDANCE
  9289 | D:8      | Found a flagged portal.
  9673 | D:8      | Noticed Grum
  9689 | D:8      | Killed Grum
 10027 | D:8      | 10027 ||| Stepping ~*~*~tactically~*~*~ (hiding).
 10041 | D:8      | Reached * piety under Okawaru
 10042 | D:8      | 10042 ||| INVOKING Heroism.
 10053 | D:8      | HP: 14/64 [orc warrior/+0 glaive (7)]
 10054 | D:8      | 10054 ||| READING scroll of teleportation.
 10054 | D:8      | Slain by an orc warrior

Levels and vault maps discovered:
D:1:      dpeg_arrival_castle, layout_basic,
          hellmonk_ecumenical_altar_heavens_door, minmay_misc_feat_doors
D:2:      layout_rooms, st_stairs_9, uniq_sigmund
D:3:      layout_basic
D:4:      corexii_shantytown, layout_basic, grunt_gozag_statues,
          chei_slow_surprise, zin_statuary, ebering_ghost_disaster_area
D:5:      layout_basic, minmay_temple_entry_overgrown, gammafunk_ghost_hive,
          uniq_edmund, uniq_crazy_yiuf_cottage
D:6:      layout_basic, nicolae_uskayaw_dance_studio, gammafunk_ghost_stat_death
D:7:      minmay_s_stair_smasher, layout_loops_cross, mainiacjoe_overflow_paths,
          minitemple, uniq_prince_ribbit1, uniq_menkaure
D:8:      layout_rooms, enter_bailey_5, special_room [special_room_orc],
          uniq_grum
Temple:   nicolae_temple_cloud_nine

Skill      XL: |  1  2  3  4  5  6  7  8  9 10 |
---------------+-------------------------------+-----
Axes           | 2 3 5 7 8 10 | 10.3
Fighting       | 4 5 6 7 8 |  8.2
Dodging        | 1 |  1.0
Throwing       | 1 |  1.4
Armour         | 4 6 7 |  7.3
Shields        | 4 5 |  5.0

Action                   |  1- 3 |  4- 6 |  7- 9 | 10-12 || total
-------------------------+-------+-------+-------+-------++-------
Melee: War axe           |   119 |   129 |   377 |   102 ||   727
Throw: Boomerang         |       |     3 |    73 |    22 ||    98
Invok: Heroism           |       |       |       |     1 ||     1
  Use: Scroll            |     5 |    10 |     6 |     1 ||    22
       Potion            |     1 |     1 |     5 |       ||     7
Armor: Scale mail        |    48 |    73 |    67 |       ||   188
       Chain mail        |       |       |   102 |       ||   102
       Plate armour      |       |       |    81 |    69 ||   150
Dodge: Dodged            |    51 |    54 |   147 |    26 ||   278
Block: Buckler           |    15 |    16 |    69 |    21 ||   121

Table legend:
 A = Non-vault XP
 B = Vault XP
 C = Vault XP percentage of total XP
 D = Non-vault monster count
 E = Vault monster count
 F = Vault count percentage of total count
                 A         B        C        D         E       F
            +---------+---------+-------+---------+---------+-------
      Total |    3444 |    2993 |  46.5 |     126 |      84 |  40.0
            +---------+---------+-------+---------+---------+-------
        D:1 |      61 |       3 |   4.7 |      33 |       2 |   5.7
        D:2 |      16 |     234 |  93.6 |       9 |       3 |  25.0
        D:3 |     202 |       0 |   0.0 |      14 |       0 |   0.0
        D:4 |     418 |     110 |  20.8 |      16 |      35 |  68.6
        D:5 |     300 |     158 |  34.5 |      10 |       1 |   9.1
        D:6 |     511 |     840 |  62.2 |      14 |      15 |  51.7
        D:7 |    1548 |     951 |  38.1 |      21 |      15 |  41.7
        D:8 |     388 |     697 |  64.2 |       9 |      13 |  59.1
            +---------+---------+-------+---------+---------+-------
